[Event "Late-Titled-Tuesday-Blitz-February-13-2024"]
[Site "Chess.com"]
[Date "2024.02.13"]
[Round "3"]
[White "mightysmasher"]
[Black "DuleMudule"]
[Result "0-1"]
[WhiteElo "2547"]
[BlackElo "2856"]
[TimeControl "180+1"]
[EndTime "14:29:31 PST"]
[Termination "DuleMudule won on time"]

1. e4 c6 2. d4 d5 3. Nd2 dxe4 4. Nxe4 Nf6 5. Nxf6+ exf6 6. c3 Bd6 7. Bd3 O-O 8. Ne2 Re8 9. O-O Qc7 10. Ng3 Nd7 11. Be3 Nf8 12. Qc2 g6 13. Rfe1 Be6 14. Kh1 Rad8 15.
Ne4 Be7 16. Qd2 b5 17. Bf4 Qc8 18. Bg3 Bd5 19. Qh6 Ne6 20. Bh4 Bxe4 21. Bxe4 f5 22. Bxe7 Rxe7 23. Bf3 Rde8 24. Qd2 Qc7 25. Re5 c5 26. h3 cxd4 27. cxd4 Rd8 28. Rd5 Red7 29. Rxd7 Rxd7 30. d5 Qc4 31. Rc1 Qd4 32. Qe2 Nf8 33.
Rc8 Qf6 34. Qe8 Qd6 35. Rc6 Qe7 36. Qxe7 Rxe7 37. Rc8 Kg7 38. Ra8 Rd7 39. Rb8 a6 40. Rb6 Ra7 41. d6 Nd7 42. Rc6 Ra8 43. Rc7 Rd8 44.
Bc6 Ne5 45. Bb7 Rxd6 46. f4 Nc4 47. b3 Ne3 48. Bf3 h5 49. Kh2 h4 50. a4 Rd2 51.
Kg1 Rb2 52. axb5 axb5 53. Rb7 Nc2 54. Bd5 Nd4 55. Rxf7+ Kh6 56. Rf8 Rb1+ 57. Kf2 Nxb3 58. Rh8+ Kg7 59. Rg8+ Kf6 60. Rf8+ Ke7 61. Rf7+ Kd6 62.
Bxb3 Rb2+ 63. Kg1 Rxb3 64. Rf6+ Kc5 65. Rxg6 Rd3 66. Rh6 b4 67. Rxh4 b3 68. Rh8 b2 69.
Rc8+ Kd5 0-1

[Event "Late-Titled-Tuesday-Blitz-February-13-2024"]
[Site "Chess.com"]
[Date "2024.02.13"]
[Round "3"]
[White "TanitoluwaAps116"]
[Black "kikoveiga"]
[Result "1/2-1/2"]
[WhiteElo "2774"]
[BlackElo "2515"]
[TimeControl "180+1"]
[EndTime "14:29:31 PST"]
[Termination "Game drawn by repetition"]

1. Nf3 Nf6 2. b3 c5 3. Bb2 Nc6 4. e3 d6 5. d4 Bg4 6. Be2 cxd4 7.
Nxd4 Bxe2 8. Qxe2 e5 9. Nxc6 bxc6 10. O-O Be7 11. c4 O-O 12. Nc3 Re8 13. Rfd1 Qa5 14. Qf3 Rac8 15. g3 Bf8 16. Qf5 d5 17. cxd5 cxd5 18. Rac1 Ba3 19. Nxd5 Rxc1 20. Nxf6+ gxf6 21. Bxc1 Bxc1 22. Rxc1 Qxa2 23. Qg4+ Kf8 24. Qb4+ Kg7 25.
Rc7 Qb1+ 26. Kg2 Rd8 27. Qg4+ Qg6 28. Qc4 a5 29. Ra7 Rd1 30. Rxa5 Qb1 31. Qg4+ Kh6 32. Qh4+ Kg7 33. Qg4+ Kh6 34. Ra6 Rg1+ 35. Kh3 Qg6 36.
Qxg6+ Kxg6 37. b4 Rb1 38. Rb6 h5 39. Kg2 Rb2 40. Kf3 Kf5 41. h4 e4+ 42. Kg2 Kg6 43.
Rb5 f5 44. Rb6+ f6 45. Rb7 Rb1 46. b5 Rb2 47. b6 Rb1 48. Rb8 Rb2 49. Kf1 f4 50.
exf4 Kf5 51. b7 Rb1+ 52. Ke2 Rb2+ 53. Ke3 Rb3+ 54. Kd4 Rb1 55. Kc3 Rb6 56. Kd2 Rb2+ 57. Kc3 Rb6 58. Kc4 Rb1 59. Kc5 Rc1+ 60. Kd6 Rd1+ 61.
Ke7 Rb1 62. Kf7 Rb2 63. Kg7 Kg4 64. Kxf6 Kf3 65. f5 Kxf2 66. Kg5 e3 67. f6 e2 68. f7 e1=Q 69. f8=Q+ Kg2 70. Re8 Qxg3+ 71. Kf6 Rf2+ 72. Ke7 Rxf8 73. Kxf8 Qf4+ 74. Kg8 Qg4+ 75. Kf8 Qf5+ 76. Ke7 Qe5+ 77. Kd7 Qd5+ 78. Kc7 Qc5+ 79.
Kd7 Qd5+ 80. Kc7 Qc5+ 81. Kd7 Qd5+ 1/2-1/2

[Event "Late-Titled-Tuesday-Blitz-February-13-2024"]
[Site "Chess.com"]
[Date "2024.02.13"]
[Round "3"]
[White "VitaliyBernadskiy"]
[Black "SaqoChess_Twitch"]
[Result "1/2-1/2"]
[WhiteElo "2880"]
[BlackElo "2688"]
[TimeControl "180+1"]
[EndTime "14:29:36 PST"]
[Termination "Game drawn - insufficient material"]

1. e3 d5 2. b3 Nf6 3. Bb2 e6 4. Be2 Be7 5. g4 h6 6. h4 c5 7. d3 Nc6 8. Nd2 b5 9. a4 bxa4 10. Rxa4 Bd7 11. Rh3 Nb4 12. Ra1 g6 13. f4 Rh7 14. g5 hxg5 15. hxg5 Rxh3 16. Nxh3 Ng8 17. Nf3 e5 18. Nfg1 exf4 19. exf4 Bd6 20. Bf3 Ne7 21. Bf6 Qc7 22. Qe2 O-O-O 23. c3 Nbc6 24. d4 cxd4 25.
Qa6+ Kb8 26. Qb5+ Ka8 27. Bxd5 Re8 28. Kf1 Nxd5 29. Qxd5 Be6 30. Qf3 Bxb3 31. Bxd4 Bc4+ 32. Kg2 a6 33. Nf2 Qb7 34. Ngh3 Rd8 35. Bf6 Be7 36.
Rd1 Rxd1 37. Nxd1 Bxf6 38. gxf6 Be2 39. Qd5 Nd8 40. Qxb7+ Kxb7 41. Nb2 Kb6 42. Ng5 Kb5 43. Kf2 Bc4 44. Ke3 Kc5 45. Ne4+ Kd5 46. Nd2 Bb5 47. c4+ Ke6 48. cxb5 axb5 49. Ne4 Nc6 50. Nd3 b4 51. Ndc5+ Kd5 52. Nb3 Kc4 53. Nbd2+ Kd5 54. Ng5 Nd8 55.
Kd3 Kd6 56. Kd4 Ne6+ 57. Nxe6 Kxe6 58. Ne4 Kf5 59. Ke3 b3 60. Kf3 b2 61. Nd2 Kxf6 62. Ke4 Ke6 63. Kd3 f6 64. Kc2 Kf5 65. Kxb2 Kxf4 66.
Kc2 Ke3 67. Kd1 g5 68. Ke1 g4 69. Nc4+ Kf3 70. Kf1 g3 71. Nd2+ Ke3 72. Nc4+ Kd4 73. Nd6 Ke5 74. Nf7+ Kf4 75. Kg2 Kg4 76. Nd6 Kf4 77. Nf7 f5 78. Nd6 Kg4 79. Nxf5 Kxf5 80. Kxg3 1/2-1/2

[Event "Late-Titled-Tuesday-Blitz-February-13-2024"]
[Site "Chess.com"]
[Date "2024.02.13"]
[Round "3"]
[White "KuzubovYuriy"]
[Black "DmitryMaximov"]
[Result "1-0"]
[WhiteElo "2981"]
[BlackElo "2735"]
[TimeControl "180+1"]
[EndTime "14:29:37 PST"]
[Termination "KuzubovYuriy won by resignation"]

1. d4 Nf6 2. Nf3 g6 3. Nbd2 d5 4. b4 a5 5. b5 Bg7 6. e3 O-O 7. c4 c5 8. Bb2 b6 9. dxc5 bxc5 10.
cxd5 Nxd5 11. Bxg7 Kxg7 12. Qc2 Nd7 13. Be2 Bb7 14.
O-O f6 15. Rfd1 Qc7 16. Rac1 Rfc8 17. Nc4 N7b6 18. Nfd2 Nb4 19. Qb1 Nxc4 20. Nxc4 Rd8 21. a3 Nd5 22. Bf3 a4 23. h3 Nb6 24. Nxb6 Qxb6 25.
Rxd8 Rxd8 26. Bxb7 Qxb7 27. Rxc5 Rd6 28. Rc4 Rb6 29.
Rb4 Qd5 30. Qb2 g5 31. Qd4 Rxb5 32. Qxd5 Rxd5 33. Rxa4 Rd1+ 34. Kh2 Ra1 35. g4 Kg6 36. Ra7 e5 37. Ra6 Ra2 38. Kg3 Ra1 39. a4 Ra3 40. h4 gxh4+ 41. Kxh4 Ra2 42. Kg3 Ra1 43. Kf3 Ra2 44. Ra8 h5 45. gxh5+ Kxh5 46. a5 Kg6 47. a6 Kg7 48. a7 Ra4 49. Ke2 Ra3 50. Kd2 Ra2+ 51.
Kc3 Ra1 52. Kc4 Rc1+ 53. Kd5 Ra1 54. Ke6 Ra6+ 55. Kf5 Ra2 56. f3 Ra3 57. Ke6 Ra6+ 58. Ke7 Ra3 59. Ke8 Ra1 60. e4 Ra3 61. Kd7 Ra1 62. Ke6 Ra6+ 63. Kf5 Ra1 64. Rb8 Rxa7 65. Rb6 Ra3 66. Rb7+ Kf8 67. Kxf6 Rxf3+ 68. Ke6 Ra3 69.
Rb8+ Kg7 70. Kxe5 Ra6 71. Rd8 Kf7 72. Rd7+ Ke8 73. Rd6 Ra4 74. Kf5 Ra1 75. Ke6 Rh1 76. e5 Rh6+ 77. Kd5 Rh1 78. Ra6 Ke7 79. Ra7+ Ke8 80.
Kd6 Rb1 81. Ra8+ Kf7 82. e6+ Kg7 83. e7 Rd1+ 84. Kc5 Rc1+ 85. Kb4 Rb1+ 86. Kc3 Rc1+ 87.
Kd2 1-0

[Event "Late-Titled-Tuesday-Blitz-February-13-2024"]
[Site "Chess.com"]
[Date "2024.02.13"]
[Round "3"]
[White "2L8IWUN"]
[Black "pirulillo"]
[Result "1/2-1/2"]
[WhiteElo "1967"]
[BlackElo "2285"]
[TimeControl "180+1"]
[EndTime "14:29:37 PST"]
[Termination "Game drawn - timeout vs insufficient material"]

1. d4 Nf6 2. Nf3 g6 3. g3 Bg7 4.
Bg2 O-O 5. O-O d6 6. b3 Nbd7 7. Bb2 c6 8. c4 Qc7 9. Nc3 Re8 10. e4 e5 11. Re1 exd4 12. Nxd4 a5 13. Qd2 Nc5 14. Rad1 Bg4 15. f3 Bc8 16. Nc2 Be6 17.
Qxd6 Qxd6 18. Rxd6 Red8 19. Red1 Rxd6 20. Rxd6 Bf8 21.
Rd2 a4 22. Nxa4 Nxa4 23. Bxf6 Nc5 24. Ne3 Nd7 25. Bc3 Bc5 26. Kf2 f5 27. exf5 Bxf5 28.
Ke2 Re8 29. Bd4 Bb4 30. Rd1 Nc5 31. Kf2 Nd3+ 32. Kf1 c5 33. Nxf5 cxd4 34. Nxd4 Ne1 35. Bh3 Bc3 36. Ne2 Bb4 37. Rxe1 Bxe1 38. Kxe1 Ra8 39. a4 Rd8 40. Be6+ Kg7 41. Bd5 b6 42. Nd4 Kf6 43. f4 h6 44. Kf2 g5 45. fxg5+ hxg5 46. h4 gxh4 47. gxh4 Rh8 48. Kg3 Ke5 49. Ne6 Kd6 50. Ng5 Kc5 51. Kg4 Kb4 52. h5 Kxb3 53. Nf7 Rg8+ 54. Kf4 Kxa4 55. h6 Rf8 56. h7 Kb4 57.
h8=Q Rxh8 58. Nxh8 Kc5 59. Ke4 b5 60. cxb5 Kxb5 61.
Nf7 Kc5 62. Ne5 Kd6 63. Kd4 Ke7 64. Ng4 Kd6 65. Bc4 Ke7 66. Ke5 Kf8 67. Kf6 Ke8 68.
Ne5 Kf8 69. Be6 Ke8 70. Nd7 Kd8 71. Ke5 Ke7 72. Nf6 Kf8 73. Nh5 Ke7 74. Ng7 Kf8 75. Nf5 Ke8 76. Kf6 Kf8 77. Ne7 Ke8 78. Bf5 Kf8 79.
Ng6+ Kg8 80. Be6+ Kh7 81. Bf7 Kh6 82. Nf4 Kh7 83. Bg6+ Kg8 84. Ne6 Kh8 85. Ng7 Kg8 86.
Bf7+ Kh7 87. Ne6 Kh6 1/2-1/2

[Event "Late-Titled-Tuesday-Blitz-February-13-2024"]
[Site "Chess.com"]
[Date "2024.02.13"]
[Round "3"]
[White "Msb2"]
[Black "grzechu96"]
[Result "1/2-1/2"]
[WhiteElo "3007"]
[BlackElo "2767"]
[TimeControl "180+1"]
[EndTime "14:29:52 PST"]
[Termination "Game drawn by repetition"]

1. d4 d5 2. c4 c6 3. Nf3 Nf6 4. Nc3 e6 5. Qc2 dxc4 6. e4 b5 7. Be2 Bb7 8. O-O Qc8 9. b3 b4 10. Na4 c3 11. a3 c5 12. Nxc5 Bxc5 13. dxc5 Bxe4 14. Bb5+ Nc6 15. Qe2 O-O 16. Bxc6 Bxc6 17. axb4 Qb7 18. Rd1 Qxb4 19. Nd4 Qb7 20. Nxc6 Qxc6 21.
Qc4 Nd5 22. Ra6 Qc7 23. b4 Rab8 24. Ba3 Rfd8 25. Rc1 Qb7 26. c6 Qc7 27. b5 Qe5 28. g3 Nc7 29. Rxa7 Nxb5 30. c7 Nxa7 31. cxb8=Q Rxb8 32. Rxc3 h6 33. Re3 Qd5 34. Qc2 Rc8 35. Qe2 Nc6 36. Bb2 Nd4 37. Qd1 Rd8 38. Bxd4 Qxd4 39. Qf3 Qd1+ 40. Kg2 Qxf3+ 41. Kxf3 g5 42. h4 gxh4 43.
gxh4 Kg7 44. Kg3 Kf6 45. Rf3+ Kg6 46. Ra3 Rd4 47. Ra5 Kf6 48. Rh5 Kg6 49. Ra5 Rc4 50. Rb5 Re4 51. f3 Rd4 52. Rb8 Rd5 53. Rg8+ Kf6 54.
Ra8 h5 55. Rh8 Kg6 56. Rg8+ Kh7 57. Rb8 Kg7 58. Kf4 Rf5+ 59. Ke4 Kf6 60. Rh8 Ra5 61. Kf4 Ra4+ 62. Kg3 Kg6 63. Rg8+ Kh7 64. Rg5 Kh6 65. Rg8 Ra5 66. Rh8+ Kg7 67. Rb8 e5 68. Re8 f6 69. Rb8 Ra3 70. Kf2 Kg6 71. Rb4 Kf5 72. Kg3 Rc3 73. Ra4 Rd3 74. Rc4 Rd1 75. Ra4 Rg1+ 76.
Kf2 Rc1 77. Kg3 Rc2 78. Rb4 Rc3 79. Ra4 Kg6 80. Rb4 Ra3 81. Rc4 Rb3 82. Ra4 Kf5 83.
Rc4 Rb8 84. Ra4 Rg8+ 85. Kf2 Rd8 86. Kg3 Rd4 87. Ra8 e4 88. Ra5+ Kg6 89. fxe4 Rxe4 90. Ra8 Rg4+ 91. Kh3 f5 92. Rg8+ Kf6 93. Rh8 Kg6 94.
Rg8+ Kf6 95. Rh8 Kg6 96. Rg8+ 1/2-1/2

[Event "Late-Titled-Tuesday-Blitz-February-13-2024"]
[Site "Chess.com"]
[Date "2024.02.13"]
[Round "3"]
[White "Zapateado"]
[Black "Bilan_Danila"]
[Result "1-0"]
[WhiteElo "2370"]
[BlackElo "2529"]
[TimeControl "180+1"]
[EndTime "14:29:57 PST"]
[Termination "Zapateado won by resignation"]

1. c4 c6 2. e4 d5 3. cxd5 cxd5 4.
exd5 Nf6 5. Nc3 Nxd5 6. Bc4 e6 7. Nf3 Nc6 8. O-O Be7 9. d4 Bf6 10. Qe2 O-O 11. Rd1 a6 12. Ne5 Qc7 13. Bxd5 exd5 14. Nxd5 Qd8 15. Nxf6+ Qxf6 16. Nxc6 Qxc6 17. Bf4 Be6 18.
Rac1 Qd5 19. b3 Rac8 20. Qe5 f6 21. Qxd5 Bxd5 22. f3 Kf7 23. Kf2 Rfd8 24. Bc7 Rd7 25. Bb6 Rxc1 26. Rxc1 Bc6 27. Bc5 Bd5 28. Re1 Be6 29. Ke3 Rc7 30. Re2 Rd7 31. Rc2 Rc7 32. Rd2 Bd5 33. g3 Ke6 34. Kf4 h5 35. h4 Kf7 36. g4 hxg4 37. fxg4 Rc6 38. Re2 b6 39. Re7+ Kg8 40. Re8+ Kf7 41. Rd8 Ke6 42. Bf8 Rc3 43. Rd6+ Kf7 44. Rxd5 Kxf8 45. Rd6 Rc2 46. Rxb6 Rxa2 47.
Kf5 Kf7 48. Rb7+ Kf8 49. d5 Re2 50. d6 Rd2 51. Ke6 Re2+ 52. Kd7 Kf7 53. Kc6+ Ke8 54. Rxg7 Rc2+ 55. Kd5 Rd2+ 56. Ke6 Re2+ 57. Kxf6 Rd2 58. Ke6 Re2+ 59. Kd5 Rd2+ 60. Kc6 Rc2+ 61. Kb7 Rb2 62. Kxa6 Rxb3 63. h5 Rh3 64. Kb6 Rb3+ 65. Kc6 Rc3+ 66. Kd5 Rd3+ 67. Ke5 Re3+ 68. Kd4 Re1 69. h6 Rd1+ 70.
Ke5 Re1+ 71. Kf6 Rf1+ 72. Kg6 Rg1 73. g5 Kf8 74. h7 Rh1 1-0

[Event "Late-Titled-Tuesday-Blitz-February-13-2024"]
[Site "Chess.com"]
[Date "2024.02.13"]
[Round "3"]
[White "kids2010"]
[Black "RantomOpening"]
[Result "1/2-1/2"]
[WhiteElo "2760"]
[BlackElo "2513"]
[TimeControl "180+1"]
[EndTime "14:30:01 PST"]
[Termination "Game drawn by stalemate"]

1. e4 c5 2. Nc3 e6 3. d4 cxd4 4. Qxd4 Nc6 5. Qd3 Nf6 6. Bf4 Bb4 7. O-O-O O-O 8. f3 d5 9. exd5 exd5 10. Nge2 Be6 11. Nd4 Rc8 12. Nxc6 bxc6 13. a3 Bd6 14.
Bxd6 Qxd6 15. g4 c5 16. g5 Qf4+ 17. Qd2 Nh5 18. Ba6 Rcd8 19. Qxf4 Nxf4 20. h4 d4 21. Ne4 Bd5 22. Rhf1 Bxe4 23. fxe4 Ng2 24. Rh1 Ne3 25.
Rd2 Rfe8 26. Bb7 Rb8 27. Bd5 Nxd5 28. exd5 Rbd8 29. c4 dxc3 30. bxc3 Re4 31. Rhd1 Rxh4 32. d6 f5 33. gxf6 gxf6 34. Re1 Kf8 35. Re6 Rf4 36. Rd5 Rd7 37. Rh5 Kf7 38. Re7+ Rxe7 39. Rxh7+ Ke6 40.
dxe7 Kd7 41. Kc2 Ke8 42. Kd3 Rf5 43. Kc4 Re5 44. Rh6 Rxe7 45. Rxf6 Re4+ 46. Kxc5 Ra4 47. c4 Rxa3 48. Rh6 Rg3 49. Kc6 Rg8 50. c5 Kd8 51.
Rh7 Rg6+ 52. Kb7 Rg1 53. Rh8+ Ke7 54. c6 Rb1+ 55. Kc7 a5 56. Rh4 Rb4 57. Rh3 a4 58. Re3+ Kf7 59. Kd6 Rb3 60. Re2 a3 61. c7 Rd3+ 62. Kc6 Rc3+ 63. Kb6 Rb3+ 64. Ka7 Rc3 65. Kb7 Rb3+ 66. Kc8 Rb2 67. Re1 a2 68. Kd8 Rd2+ 69.
Kc8 Rb2 70. Kd7 Rd2+ 71. Kc6 Rc2+ 72. Kd6 Rd2+ 73. Kc5 Rc2+ 74. Kb6 Rb2+ 75. Kc6 Rc2+ 76. Kb7 Rb2+ 77. Kc8 Rb1 78. Rxb1 axb1=Q 79. Kd8 Qb6 80. Kd7 Qe6+ 81. Kd8 Qd5+ 82. Kc8 Ke6 83. Kb8 Qb5+ 84. Ka8 Qa6+ 85. Kb8 Qb6+ 86. Ka8 Qxc7 1/2-1/2

[Event "Late-Titled-Tuesday-Blitz-February-13-2024"]
[Site "Chess.com"]
[Date "2024.02.13"]
[Round "3"]
[White "HaryKane"]
[Black "elchacal664"]
[Result "1-0"]
[WhiteElo "2599"]
[BlackElo "2410"]
[TimeControl "180+1"]
[EndTime "14:30:09 PST"]
[Termination "HaryKane won on time"]

1. d4 d5 2. e3 e6 3. f4 f5 4.
c4 c6 5. Nf3 Nf6 6. Bd3 Bd6 7.
c5 Bc7 8. O-O O-O 9. Bd2 b6 10. b4 a5 11. cxb6 Bxb6 12. bxa5 Bxa5 13. Bxa5 Rxa5 14. Nbd2 Ba6 15. Nb3 Bxd3 16. Qxd3 Ra3 17. Rfc1 Ne4 18. Ne5 Qb6 19. Qc2 Rc8 20. Qb2 Qb4 21.
Rc2 Ra6 22. Nd3 Qe7 23. Nbc5 Ra7 24. Nxe4 fxe4 25. Ne5 Rac7 26. Rac1 h6 27. a4 Kh7 28. a5 Ra7 29. Qb6 Rb7 30. Qc5 Qxc5 31. Rxc5 Ra7 32. g4 Rcc7 33. Rb1 Nd7 34. Nxd7 Rxd7 35. Rb6 Rdc7 36. a6 Kg8 37. Rcxc6 Rxc6 38. Rxc6 Kf7 39. Rb6 Ra8 40. Kf2 Rc8 41. a7 Rc2+ 42. Ke1 Ra2 43.
Rb7+ Kf6 44. h4 g6 45. Kd1 h5 46. gxh5 gxh5 47. Kc1 Kf5 48. Kb1 Ra6 49. Rg7 Kf6 50.
Rh7 Kg6 51. Rc7 Kf5 52. Kc2 Kg4 53. Kb3 Kxh4 54. Kb4 Kg3 55. Kb5 Ra2 56. Kb6 h4 57. Re7 h3 58. Rxe6 Kf3 59. Rh6 Kxe3 60. f5 Kxd4 61. f6 Rb2+ 62. Kc6 Rc2+ 63. Kd6 Ra2 64. f7 Ra6+ 65. Ke7 Rxh6 66. f8=Q Rh7+ 67. Ke6 Rxa7 68.
Qf2+ e3 69. Qb2+ Ke4 70. Qc2+ Kf3 71. Qf5+ Ke2 72. Qg4+ Kf2 73. Qf4+ Ke2 74. Qh2+ Kd3 75. Qxh3 Ra6+ 76. Kxd5 Ra5+ 77. Kc6 Ra3 78. Qf5+ Kd2 79. Qf4 Rd3 80. Kc5 Kd1 81. Qe4 Kd2 82. Qb4+ Ke2 83.
Qg4+ Kd2 84. Qf4 Ke2 85. Kc4 Rd2 86. Qg4+ Ke1 87. Qg3+ Kd1 88. Qxe3 Re2 89. Qf3 1-0

[Event "Late-Titled-Tuesday-Blitz-February-13-2024"]
[Site "Chess.com"]
[Date "2024.02.13"]
[Round "3"]
[White "sari07"]
[Black "SCIM"]
[Result "0-1"]
[WhiteElo "2403"]
[BlackElo "2590"]
[TimeControl "180+1"]
[EndTime "14:30:20 PST"]
[Termination "SCIM won by checkmate"]

1. d4 Nf6 2. Nc3 c5 3. d5 e6 4. e4 d6 5. Nf3 exd5 6. exd5 Be7 7. h3 O-O 8. Bd3 a6 9. a4 Re8 10. O-O b6 11. Ne2 Bb7 12. c4 Nbd7 13. Ng3 b5 14. b3 Bf8 15. Nf5 Rb8 16. Bf4 Ne5 17. Nxe5 dxe5 18.
Bg5 e4 19. Bc2 Qd7 20. Ng3 Be7 21. Re1 h6 22. Bxf6 Bxf6 23. Rb1 e3 24. fxe3 Bh4 25. Qf3 Re5 26. Rf1 Rbe8 27. e4 Bxg3 28. Qxg3 Bc8 29. Rf4 Rg5 30. Rg4 f6 31. Rxg5 hxg5 32. h4 g4 33. Re1 Re5 34. axb5 axb5 35. Bd1 Kf8 36.
Kh2 bxc4 37. bxc4 Qd6 38. Kg1 Qd7 39. Kh2 Qc7 40. Kg1 Qa5 41. Bxg4 Bxg4 42. Rb1 Bd7 43.
Rb8+ Kf7 44. h5 Qc7 45. Qg6+ Ke7 46. Qxg7+ Kd6 47. Qxf6+ Be6 48. Qf8+ Qe7 49. Rd8+ Bd7 50. Qh8 Rxe4 51. Rf8 Re1+ 52. Kh2 Qe5+ 53. Qxe5+ Rxe5 54. h6 Rh5+ 55. Kg3 Rxh6 56. Kf4 Rh4+ 57. Ke3 Rxc4 58. g3 Kxd5 59. Rf7 Ke6 60. Rg7 Rc3+ 61. Kf4 Bc6 62. Rg6+ Kd7 63. Rg7+ Kd6 64. Rg6+ Kc7 65. Rg7+ Kb6 66. g4 Rf3+ 67. Ke5 c4 68. Rg8 c3 69.
Rb8+ Kc5 70. Rb1 c2 71. Rc1 Rc3 72. g5 Be8 73. Ke6 Kc4 74. Ke7 Bg6 75. Kf6 Bd3 76.
g6 Bxg6 77. Kxg6 Kb3 78. Kf5 Kb2 79. Rg1 c1=Q 80. Rg2+ Rc2 81. Rg4 Qf1+ 82. Kg6 Qb5 83. Rg5 Rc6+ 84. Kh5 Qxg5+ 85. Kxg5 Rc5+ 86. Kf4 Rc4+ 87. Ke5 Rc3 88. Kd4 Rb3 89. Kc4 Kc2 90. Kc5 Rc3+ 91.
Kd4 Rd3+ 92. Ke4 Rd2 93. Ke3 Rd8 94. Ke4 Kc3 95. Ke5 Kc4 96. Ke6 Kc5 97. Ke7 Rd2 98. Ke6 Rd1 99. Ke5 Re1+ 100. Kf4 Kd4 101. Kf3 Re8 102. Kf2 Kd3 103. Kf3 Rf8+ 104. Kg4 Ke4 105. Kg5 Rf1 106. Kg6 Ke5 107. Kg7 Ke6 108. Kg6 Rg1+ 109. Kh5 Kf5 110. Kh4 Rg8 111. Kh3 Kf4 112. Kh2 Kf3 113. Kh1 Kf2 114. Kh2 Rh8# 0-1

[Event "Late-Titled-Tuesday-Blitz-February-13-2024"]
[Site "Chess.com"]
[Date "2024.02.13"]
[Round "3"]
[White "DenLaz"]
[Black "Kirill_Klukin"]
[Result "1/2-1/2"]
[WhiteElo "3072"]
[BlackElo "2825"]
[TimeControl "180+1"]
[EndTime "14:30:58 PST"]
[Termination "Game drawn - insufficient material"]

1. d4 d5 2. c4 e6 3. Nf3 a6 4. cxd5 exd5 5. Nc3 Nf6 6. Bg5 c6 7. e3 Be6 8. Bd3 Nbd7 9. O-O h6 10. Bf4 g5 11. Bg3 Nh5 12. Be5 Ng7 13. Bg3 Nh5 14. e4 Nxg3 15. hxg3 dxe4 16. Bxe4 Nf6 17. Re1 Be7 18.
Bc2 Qc7 19. Bb3 Bxb3 20. Qxb3 O-O 21. Ne5 Bd6 22. Nc4 Rad8 23. Ne3 Qd7 24. Qc2 Rfe8 25.
Nf5 Bf8 26. Rad1 Nd5 27. Nxd5 Qxd5 28. a3 Re6 29. Rxe6 Qxe6 30. g4 Re8 31. Kf1 Qd5 32.
Ne3 Qb5+ 33. Qe2 Qxe2+ 34. Kxe2 Bg7 35. Kd3 Rd8 36. Ke4 Re8+ 37. Kf3 Rd8 38. Nf5 c5 39. d5 Bxb2 40. Rb1 Bxa3 41. Rxb7 c4 42. Nxh6+ Kg7 43. Nf5+ Kf6 44. Ke4 Bc5 45. Rc7 Re8+ 46. Kf3 Bb4 47. Rc6+ Ke5 48. Rxc4 Rb8 49. d6 a5 50. Re4+ Kf6 51. d7 Rd8 52. Rd4 Ke6 53.
Rc4 Rxd7 54. Rc6+ Kd5 55. Ra6 Kc4 56. Ke4 Kb5 57. Ra8 Bc5 58. f4 gxf4 59. Kxf4 a4 60.
g5 a3 61. Ke5 Ra7 62. Rb8+ Kc4 63. Rb1 a2 64. Ra1 Kb3 65. Kf6 Kb2 66. Rxa2+ Kxa2 67. g6 fxg6 68. Kxg6 Ra6+ 69. Kh5 Kb3 70. g4 Kc4 71. g5 Kd5 72. g6 Bd4 73. g7 Bxg7 74. Nxg7 Ke5 75. Kg5 Ra1 76. Nh5 Rg1+ 77. Kh6 Kf5 78.
Ng7+ Kf6 79. Nh5+ Kf7 80. Nf4 Rg4 81. Nh5 Rg2 82. Nf4 Rg1 83. Nh5 Ke6 84. Ng7+ Ke5 85. Nh5 Kf5 86. Ng7+ Kg4 87. Kg6 Ra1 88. Kf6 Ra6+ 89.
Ne6 Kf3 90. Ke5 Ra5+ 91. Kd4 Ra4+ 92. Ke5 Ra5+ 93. Kd4 Kg4 94. Nc5 Kf5 95. Kd5 Ra8 96.
Kd4 Rd8+ 97. Kc4 Ke5 98. Nd3+ Kd6 99. Kd4 Ra8 100. Ke4 Ra4+ 101. Kf5 Kd5 102. Nf4+ Kd4 103. Ne6+ Ke3 104. Ke5 Ra5+ 105. Kd6 Ke4 106. Nc5+ Kf4 107. Kd5 Kf5 108. Kd4 Ra1 109. Kd5 Rd1+ 110. Kc4 Ke5 111. Nd3+ Kd6 112. Kd4 Rh1 113. Ke4 Re1+ 114. Nxe1 1/2-1/2

[Event "Late-Titled-Tuesday-Blitz-February-13-2024"]
[Site "Chess.com"]
[Date "2024.02.13"]
[Round "4"]
[White "A-Fier"]
[Black "BilodeauA"]
[Result "0-1"]
[WhiteElo "2764"]
[BlackElo "2954"]
[TimeControl "180+1"]
[EndTime "14:32:27 PST"]
[Termination "BilodeauA won by resignation"]

1. e4 e5 2. f4 exf4 3. Nf3 d6 4. d4 g5 5. h4 g4 6. Ng1 Bh6 7. Ne2 f3 8. gxf3 gxf3 9. Nf4 Nc6 10. c3 Bg4 11.
Bh3 f2+ 0-1

[Event "Late-Titled-Tuesday-Blitz-February-13-2024"]
[Site "Chess.com"]
[Date "2024.02.13"]
[Round "4"]
[White "saikrishnaReturns"]
[Black "Cambek64"]
[Result "1-0"]
[WhiteElo "2774"]
[BlackElo "2501"]
[TimeControl "180+1"]
[EndTime "14:33:22 PST"]
[Termination "saikrishnaReturns won by resignation"]

1. Nf3 b5 2. e4 Bb7 3. Bxb5 Bxe4 4. Nc3 Bg6 5. h4 h6 6. Ne5 c6 7. Nxg6 cxb5 8. Nxh8 g6 9. Qf3 Nf6 10. Qxa8 b4 11.
Nd5 Bg7 12. Nxf6+ Bxf6 13. h5 g5 14. Qe4 Bxh8 15. Qh7 1-0

[Event "Late-Titled-Tuesday-Blitz-February-13-2024"]
[Site "Chess.com"]
[Date "2024.02.13"]
[Round "4"]
[White "a_kandil"]
[Black "miraitrunks"]
[Result "1-0"]
[WhiteElo "2487"]
[BlackElo "2204"]
[TimeControl "180+1"]
[EndTime "14:33:28 PST"]
[Termination "a_kandil won by resignation"]

1. e4 c5 2. Nf3 d6 3. d4 cxd4 4. Nxd4 Nf6 5. Nc3 g6 6. f3 Bg7 7. Be3 O-O 8. Qd2 Nc6 9. O-O-O d5 10. Qe1 e5 11. Nxc6 bxc6 12. Bc5 Re8 13. Bc4 Qa5 14. Nxd5 cxd5 15. Qxa5 1-0

[Event "Late-Titled-Tuesday-Blitz-February-13-2024"]
[Site "Chess.com"]
[Date "2024.02.13"]
[Round "4"]
[White "TorFredrikKaasen"]
[Black "prime-morty"]
[Result "1-0"]
[WhiteElo "2797"]
[BlackElo "2563"]
[TimeControl "180+1"]
[EndTime "14:33:42 PST"]
[Termination "TorFredrikKaasen won by resignation"]

1. c4 d6 2. d4 e5 3. d5 Nf6 4. Nc3 Nbd7 5. e4 Nc5 6. f3 a5 7.
Be3 Be7 8. Nge2 O-O 9. Qd2 h6 10. O-O-O Nh5 11. g4 Nf4 12. Nxf4 exf4 13. Bxf4 Bf6 14.
Be3 a4 15. Kb1 Qe7 16. h4 Bxc3 17. Qxc3 Nxe4 18. fxe4 Qxe4+ 19. Bd3 1-0

[Event "Late-Titled-Tuesday-Blitz-February-13-2024"]
[Site "Chess.com"]
[Date "2024.02.13"]
[Round "4"]
[White "combidharma"]
[Black "DraningWaterHi"]
[Result "1-0"]
[WhiteElo "2697"]
[BlackElo "2210"]
[TimeControl "180+1"]
[EndTime "14:33:44 PST"]
[Termination "combidharma won by resignation"]

1. e4 e5 2. Nf3 Nc6 3. d4 exd4 4.
Nxd4 Nf6 5. Nxc6 bxc6 6. e5 Qe7 7. Qe2 Nd5 8. h4 a5 9. g3 Ba6 10. c4 g6 11. Bg2 Bg7 12. O-O Nb6 13. b3 Bxe5 14.
Re1 d6 15. Bxc6+ Kd8 16. Bxa8 Nxa8 17. Bb2 f6 18. f4 1-0

[Event "Late-Titled-Tuesday-Blitz-February-13-2024"]
[Site "Chess.com"]
[Date "2024.02.13"]
[Round "4"]
[White "baki83"]
[Black "KuzubovYuriy"]
[Result "1/2-1/2"]
[WhiteElo "2863"]
[BlackElo "2978"]
[TimeControl "180+1"]
[EndTime "14:33:49 PST"]
[Termination "Game drawn by agreement"]

1. e4 e5 2. Nf3 Nf6 3. Nc3 Nc6 4. Bb5 Nd4 5. Nxd4 exd4 6. e5 dxc3 7. exf6 Qxf6 8. dxc3 Qe5+ 9. Qe2 Qxe2+ 10. Kxe2 c6 11. Bd3 d5 12. c4 Be6 13. cxd5 Bxd5 14. f3 Bc5 15. Be3 Bxe3 16. Kxe3 Kd7 17. Rhe1 Rae8+ 18. Kf2 h6 19. b3 Kc7 20. Rxe8 Rxe8 21. Re1 Rxe1 22.
Kxe1 c5 23. Kd2 Kd6 24. Ke3 b6 25. c4 Be6 26. h4 g5 27. hxg5 hxg5 28. g3 f6 29. f4 Bg4 30. Bc2 Bc8 31. Bd3 Bg4 32.
Bc2 Ke6 33. Bd3 Bf5 34. Be4 Bxe4 35. Kxe4 f5+ 36. Ke3 g4 37. Kd3 1/2-1/2

[Event "Late-Titled-Tuesday-Blitz-February-13-2024"]
[Site "Chess.com"]
[Date "2024.02.13"]
[Round "4"]
[White "Jamal-Jamal-Jamal"]
[Black "dorpato"]
[Result "1-0"]
[WhiteElo "2270"]
[BlackElo "2107"]
[TimeControl "180+1"]
[EndTime "14:33:50 PST"]
[Termination "Jamal-Jamal-Jamal won by resignation"]

1. d4 Nf6 2. Nf3 g6 3. g3 Bg7 4. Bg2 d5 5. O-O O-O 6. Nbd2 b6 7. c4 c6 8. cxd5 cxd5 9. Nb3 Bb7 10. a4 Nbd7 11. a5 Ne4 12. a6 Bc6 13. Bf4 f6 14.
Qc2 e5 15. Qxc6 exf4 16. Qxd5+ Kh8 17. Qxe4 f5 18. Qd3 fxg3 19. hxg3 Nf6 20. Ne5 Ng4 1-0

[Event "Late-Titled-Tuesday-Blitz-February-13-2024"]
[Site "Chess.com"]
[Date "2024.02.13"]
[Round "4"]
[White "a-z30"]
[Black "sharkarton"]
[Result "0-1"]
[WhiteElo "2304"]
[BlackElo "2514"]
[TimeControl "180+1"]
[EndTime "14:33:52 PST"]
[Termination "sharkarton won by resignation"]

1. d3 d5 2. Nf3 Nf6 3. g3 e6 4.
Bg2 Bd6 5. O-O O-O 6. c4 c6 7. Nc3 b6 8. b3 Bb7 9. Bb2 Nbd7 10. Qc2 Rc8 11. Rfd1 Qe7 12. Rac1 a5 13. d4 c5 14.
dxc5 Bxc5 15. Ng5 Bxf2+ 16. Kxf2 Ng4+ 17. Kg1 Qxg5 18. cxd5 Qe3+ 0-1